 Dungeon Crawl Stone Soup version 0.30.0-5-g1a98f26d00 (webtiles) character file.

Game seed: 11614123969592541151

1438 qeuew the Protected (level 8, -6/105 HPs)
             Began as a Minotaur Fighter on May 9, 2023.
             Mangled by a wight
             ... wielding a +5 hand axe
              (15 damage)
             ... on level 6 of the Dungeon.
             The game lasted 00:05:46 (4229 turns).

qeuew the Protected (Minotaur Fighter)              Turns: 4229, Time: 00:05:47

Health: -6/105     AC: 10    Str: 20    XL:     8   Next: 45%
Magic:  7/7        EV: 11    Int:  5    God:
Gold:   379        SH:  5    Dex: 13    Spells: 7/7 levels left

rFire   . . .        a - +1 war axe (chaos)
rCold   . . .        c - +0 buckler
rNeg    . . .        b - +0 scale mail
rPois   +            (helmet restricted)
rElec   .            (no cloak)
rCorr   .            k - +1 pair of gloves
SInv    .            (no boots)
Will    +....        (no amulet) Stlth
                     f - ring of poison resistance
HPRegen 0.37/turn    e - ring of willpower
MPRegen 0.10/turn

%: no passive effects
@: berserking, very quick
A: horns 2, retaliatory headbutt
a: no special abilities


You were on level 6 of the Dungeon.
You visited 2 branches of the dungeon, and saw 7 of its levels.

You collected 390 gold pieces.
You spent 11 gold pieces at shops.

Inventory:

Hand Weapons
 a - a +1 war axe of chaos (weapon)
Armour
 b - a +0 scale mail (worn)
 c - a +0 buckler (worn)
 k - a +1 pair of gloves (worn)
Jewellery
 e - a ring of willpower (right hand)
 f - a ring of poison resistance (left hand)
 p - a ring of protection from fire
Wands
 o - a wand of charming (8)
 s - a wand of iceblast (9)
 v - a wand of quicksilver (5)
Scrolls
 g - a scroll of poison
 h - a scroll of blinking
 i - a scroll of silence
 q - 3 scrolls of teleportation
 t - a scroll of identify
 u - a scroll of amnesia
Potions
 d - 2 potions of might
 l - a potion of cancellation
 m - a potion of brilliance
 n - a potion of curing
 r - a potion of flight


   Skills:
 + Level 6.1 Fighting
 + Level 5.5 Axes
 * Level 8.0 Armour
 + Level 4.3 Dodging
 + Level 6.1 Shields
 + Level 1.8 Evocations


You had 7 spell levels left.
You didn't know any spells.
Your spell library contained the following spells:

 Spells                   Type           Power      Damage    Failure   Level
 Beastly Appendage        Tmut           0%         N/A       85%         1
 Blink                    Tloc           0%         N/A       94%         2
 Scorch                   Fire           0%         2d5       94%         2
 Wereblood                Tmut           0%         N/A       94%         2
 Spider Form              Tmut/Pois      0%         N/A       99%         3
 Flame Wave               Conj/Fire      0%         2d4       100%        4
 Manifold Assault         Tloc           0%         N/A       100%        4
 Summon Cactus Giant      Summ           0%         N/A       100%        6
 Storm Form               Tmut/Air       0%         N/A       100%        7


Dungeon Overview and Level Annotations

Branches:
Dungeon (6/15)             Temple (1/1) D:5

Altars:
Ashenzari
Cheibriados
Dithmenos
Elyvilon
Fedhas
Kikubaaqudgha
Makhleb
Okawaru
Ru
Sif Muna
Trog
Vehumet
Zin
The Shining One

Shops:
D:2 !


Innate Abilities, Weirdness & Mutations

You have a pair of horns on your head.
You reflexively headbutt those who attack you in melee.


Message History

Your headbutt misses the kobold brigand.
The kobold brigand is almost dead.
You hit the wight.
The wight seems to grow stronger.
You block the kobold brigand's attack.
A kobold comes into view. It is wielding a +0 dagger.
The wight hits you with a +5 hand axe!
You barely miss the kobold brigand. You headbutt the kobold brigand.
The kobold brigand is almost dead.
You barely miss the wight. The wight hits you with a +5 hand axe.
The kobold brigand hits you with a +0 dagger.
You block the kobold's attack. The wight barely misses you.
You closely miss the kobold brigand.
The kobold brigand is almost dead.
You hit the wight but do no damage.
The wight suddenly seems more resistant.
You slash the kobold!
You kill the kobold!
The kobold brigand hits you but does no damage.
You block the wight's attack.
You barely miss the kobold brigand. You headbutt the kobold brigand.
You kill the kobold brigand!
You hit the kobold but do no damage.
The kobold is poisoned.
You hit the wight.
The wight seems to speed up.
The wight hits you with a +5 hand axe!!
* * * LOW HITPOINT WARNING * * *
The wight hits you with a +5 hand axe!
* * * LOW HITPOINT WARNING * * *
Your Armour skill increases to level 8!
A red film seems to cover your vision as you go berserk!
You feel yourself moving faster!
You feel mighty! The wight closely misses you. You block the kobold's attack.
Unknown command.
You closely miss the wight.
The wight is moderately damaged.
You hit the kobold.
You kill the kobold!
You slash the kobold!
You kill the kobold!
You closely miss the wight. The wight hits you but does no damage.
The wight misses you. The wight hits you with a +5 hand axe!
You die...

. ######## #'###......+
...........# ...........#
......z).)#########
......z@..#........
......)...'........
###+#########........
#....................
#....................
#....................
#....................
#####............########
#.....#####......#


You could see 2 wights.

Vanquished Creatures
  Menkaure (D:6)
  A water moccasin (D:5)
  2 black bears
  An ogre (D:5)
  2 phantoms
  A kobold brigand (D:6)
  A bullfrog (D:5)
  A scorpion (D:5)
  2 wights (D:6)
  3 hounds
  A gnoll bouda (D:4)
  A sleepcap (D:3)
  6 iguanas
  5 gnolls (D:4)
  5 adders
  3 worms
  5 dart slugs
  13 orcs
  6 ball pythons
  10 endoplasms
  3 giant cockroaches
  A goblin (D:1)
  5 hobgoblins
  9 jackals
  10 kobolds
  4 quokkas
  4 bats
  2 frilled lizards
  3 rats
111 creatures vanquished.

Notes
Turn   | Place    | Note
-------+----------+-------------------------------------------
     0 | D:1      | qeuew the Minotaur Fighter began the quest for the Orb.
     0 | D:1      | Reached XP level 1. HP: 19/19 MP: 0/0
   138 | D:1      | Reached XP level 2. HP: 20/27 MP: 1/1
   143 | D:1      | Reached skill level 4 in Armour
   582 | D:2      | Reached skill level 1 in Dodging
   582 | D:2      | Reached XP level 3. HP: 33/33 MP: 2/2
   978 | D:2      | Found Keffeukh's Distillery.
  1039 | D:2      | Bought a potion of degeneration for 11 gold pieces
  1234 | D:3      | Identified the staff of cold "Dapynab" {rF++ rC+ Str-5
                  | Dex+2}
  1383 | D:3      | Reached XP level 4. HP: 39/40 MP: 3/3
  1470 | D:3      | Found a faded altar of an unknown god.
  1909 | D:4      | Reached skill level 5 in Armour
  1912 | D:4      | Reached XP level 5. HP: 47/47 MP: 4/4
  2082 | D:4      | Reached XP level 6. HP: 24/53 MP: 5/5
  2371 | D:4      | Reached skill level 5 in Fighting
  2371 | D:4      | Reached skill level 6 in Armour
  2371 | D:4      | Reached skill level 5 in Shields
  2430 | D:4      | Found an iron altar of Okawaru.
  2564 | D:5      | Entered Level 5 of the Dungeon
  2631 | D:5      | Reached XP level 7. HP: 49/61 MP: 6/6
  3078 | D:5      | Found a staircase to the Ecumenical Temple.
  3083 | D:5      | Reached skill level 7 in Armour
  3089 | Temple   | Entered the Ecumenical Temple
  3323 | D:5      | Found a shimmering blue altar of Sif Muna.
  3839 | D:6      | Reached skill level 5 in Axes
  3847 | D:6      | Noticed Menkaure
  3853 | D:6      | Killed Menkaure
  3854 | D:6      | Reached skill level 1 in Evocations
  3854 | D:6      | Reached XP level 8. HP: 21/70 MP: 7/7
  4228 | D:6      | Reached skill level 8 in Armour
  4229 | D:6      | Mangled by a wight

Illustrated notes

Levels and vault maps discovered:
D:1:      evilmike_arrival_hilbert_curve, layout_rooms
D:2:      layout_loops_ring, serial_shops, shop, minmay_misc_feat_pillars
D:3:      layout_loops_cross, shapermc_ecumenical_altar_totnotflames
D:4:      layout_cave_pools, kennysheep_little_box
D:5:      layout_basic, tgw_sif, minmay_temple_entry_sparse_star,
          serial_co_window_serial, co_window_paths_b, co_window_paths_b,
          co_window_paths_a, co_window_paths_b, co_window_paths_a,
          co_window_2corner, co_window_unsneaky_path_c, co_window_corner_cb,
          co_window_4corner_a, glass_columns_a, glass_columns_b, glass_columns_b
D:6:      minmay_spotlight, layout_gridville, uniq_menkaure, uniq_duvessa
Temple:   nicolae_temple_ecumenical_triangle

Skill      XL: |  1  2  3  4  5  6  7  8 |
---------------+-------------------------+-----
Armour         | 4 5 6 7 8 |  8.0
Dodging        | 1 2 3 4 |  4.3
Fighting       | 4 5 6 |  6.1
Axes           | 3 4 5 |  5.5
Shields        | 4 5 6 |  6.1
Evocations     | 1 |  1.8

Action                     |  1- 3 |  4- 6 |  7- 9 || total
---------------------------+-------+-------+-------++-------
  Melee: War axe           |    73 |   106 |    53 ||   232
         Headbutt          |    15 |    19 |     9 ||    43
    Use: Scroll            |    10 |     6 |     1 ||    17
         Potion            |     2 |       |     1 ||     3
 Armour: Scale mail        |    27 |    58 |    23 ||   108
  Dodge: Dodged            |    30 |    69 |    29 ||   128
  Block: Buckler           |    13 |    32 |    15 ||    60
